 Dungeon Crawl Stone Soup version 0.30.0-11-gf55b779eaf (webtiles) character file.

Game seed: 2077522093695370142

26013 tbole the Bludgeoner (level 13, -1/31 HPs)
             Began as a Meteoran Fighter on May 16, 2023.
             Was an Elder of the Shining One.
             Slain by a catoblepas (12 damage)
             ... while petrified by a catoblepas
             ... on level 13 of the Dungeon.
             The game lasted 01:10:59 (11202 turns).

tbole the Bludgeoner (Meteoran Fighter)            Turns: 11202, Time: 01:10:59

Health: -1/31      AC: 23    Str: 20    XL:     13   Next: 92%
Magic:  13/15      EV:  2    Int: 11    God:    the Shining One [****..]
Gold:   837        SH:  0    Dex: 16    Spells: 12/12 levels left

rFire   . . .        d - +2 morningstar
rCold   . . .        B - +2 tower shield
rNeg    + + +        n - +0 plate armour
rPois   ∞            (no helmet)
rElec   .            (no cloak)
rCorr   .            F - +2 pair of gloves
SInv    .            H - +1 pair of boots
Will    ++...        x - amulet of the acrobat Stlth
                     j - ring of willpower
HPRegen 0.25/turn    s - ring of poison resistance
MPRegen 0.14/turn

%: random rage (3%), acrobat
@: divinely shielded, petrified, glowing
A: sense surroundings 2, otherworldly, glowing, explore regen, iridescent scales
1, berserk 1, inability to read after injury 1
a: Renounce Religion, Divine Shield, Cleansing Flame


You were on level 13 of the Dungeon.
You worshipped the Shining One.
The Shining One was greatly pleased with you.
You visited 5 branches of the dungeon, and saw 21 of its levels.

You collected 837 gold pieces.

Inventory:

Hand Weapons
 a - a +0 flail of chaos
 d - a +2 morningstar (weapon)
 g - a +0 giant club
Armour
 b - a +0 scale mail
 c - a +0 buckler
 n - a +0 plate armour (worn)
 B - a +2 tower shield (worn)
 F - a +2 pair of gloves (worn)
 H - a +1 pair of boots (worn)
Jewellery
 e - an amulet of magic regeneration
 j - a ring of willpower (left hand)
 s - a ring of poison resistance (right hand)
 u - a ring of protection from fire
 x - an amulet of the acrobat (around neck)
 D - a ring of ice
 E - a ring of magical power
Wands
 m - a wand of mindburst (6)
 p - a wand of light (4)
 v - a wand of roots (23)
Scrolls
 k - a scroll of amnesia
 y - 3 scrolls of teleportation
 C - a scroll of identify
Potions
 f - 2 potions of lignification
 h - 2 potions of attraction
 i - 2 potions of curing
 o - 2 potions of magic
 q - a potion of berserk rage {unknown}
 r - 5 potions of haste
 t - 2 potions of brilliance
 w - a potion of experience {unknown}
 z - 2 potions of cancellation {unknown}
 A - a potion of might
 G - 3 potions of flight


   Skills:
 + Level 11.5 Fighting
 + Level 17.8 Maces & Flails
 + Level 12.2 Armour
 + Level 2.3 Dodging
 + Level 12.1 Shields
 + Level 2.3 Invocations


You had 12 spell levels left.
You didn't know any spells.
Your spell library contained the following spells:

 Spells                   Type           Power      Damage    Failure   Level
 Beastly Appendage        Tmut           0%         N/A       100%        1
 Freeze                   Ice            0%         1d3       100%        1
 Shock                    Conj/Air       0%         1d3       100%        1
 Slow                     Hex            0%         N/A       100%        1
 Ensorcelled Hibernation  Hex/Ice        0%         N/A       100%        2
 Wereblood                Tmut           0%         N/A       100%        2
 Confusing Touch          Hex            0%         N/A       100%        3
 Dazzling Flash           Conj/Hex       0%         N/A       100%        3
 Frozen Ramparts          Ice            0%         1d1       100%        3
 Hailstorm                Conj/Ice       0%         3d3       100%        3
 Spider Form              Tmut/Pois      0%         N/A       100%        3
 Swiftness                Air            0%         N/A       100%        3
 Vampiric Draining        Necr           0%         2d6       100%        3
 Volatile Blastmotes      Fire/Tloc      0%         2d10      100%        3
 Airstrike                Air            0%         2d(0-16)  100%        4
 Anguish                  Hex/Necr       0%         N/A       100%        4
 Iskenderun's Mystic Bla  Conj/Tloc      0%         2d3       100%        4
 Passage of Golubria      Tloc           0%         N/A       100%        4
 Iskenderun's Battlesphe  Conj           0%         2d6       100%        5
 Silence                  Hex/Air        0%         N/A       100%        5
 Iron Shot                Conj/Erth      0%         9d1       100%        6
 Starburst                Conj/Fire      0%         6d3       100%        6
 Spellforged Servitor     Conj/Summ      0%         N/A       100%        7
 Lehudib's Crystal Spear  Conj/Erth      0%         10d2      100%        8


Dungeon Overview and Level Annotations

Branches:
Dungeon (13/15) Zot: 507   Temple (1/1) D:5 Zot: 557    Lair (5/5) D:9 Zot: 55
  Swamp (1/4) Lair:2 Zot: 598   Snake (0/4) Lair:2          Orc (1/2) D:10 Zot: 530
  Slime: Lair:4-5    Vaults: D:13-14

Altars:
Ashenzari
Cheibriados
Dithmenos
Elyvilon
Fedhas
Gozag
Hepliaklqana
Kikubaaqudgha
Makhleb
Nemelex Xobeh
Okawaru
Qazlal
Ru
Trog
Uskayaw
Vehumet
Wu Jian
Xom
Yredelemnul
Zin
The Shining One

Annotations:
D:6 2 transporters, Chodeload's ghost, novice DjWn
Lair:2 2 runed translucent doors, jasper's ghost, journeyman SpEE


Innate Abilities, Weirdness & Mutations

You passively map the area around you.
You are easily found by Zot.
You glow in the dark.
You regain HP and MP as you explore.
You are partially covered in iridescent scales. (AC +2)
You sometimes lose your temper in combat.
You occasionally lose the ability to read scrolls when taking damage.


Message History

Magic restored.
You start waiting.
Your divine shield fades away.
You start waiting.
HP restored.
There is an open door here.
There is an open door here.
f - 2 potions of lignification (gained 1)
r - 5 potions of haste (gained 2)
You open the door. You open the door.
There is an open door here.
You now have 837 gold pieces (gained 22).
There is an open door here.
There is an open door here.
You open the door.
A catoblepas comes into view.
The catoblepas bellows!
Your shield is strengthened by the Shining One's divine power.
You hit the catoblepas but do no damage.
The catoblepas breathes a plume of calcifying dust at you.
The blast of calcifying dust hits you!
You hit the catoblepas.
The catoblepas is lightly wounded.
You are engulfed in calcifying dust.
You are slowing down.
The catoblepas breathes a plume of calcifying dust at you.
The blast of calcifying dust hits you but does no damage.
You block the catoblepas's attack.
Your limbs are stiffening.
You hit the catoblepas but do no damage.
The catoblepas is lightly wounded.
The catoblepas gores you!
The catoblepas breathes a plume of calcifying dust at you.
The blast of calcifying dust hits you.
You have turned to stone.
You are engulfed in calcifying dust.
The catoblepas gores you!!
You are engulfed in calcifying dust.
The catoblepas barely misses you.
You are engulfed in calcifying dust.
The catoblepas gores you but does no damage.
You are engulfed in calcifying dust.
The catoblepas gores you!!
You die...

.......###...'......#
.......# #####......#
.......# #......#
.......# #......#
#.###### ###'#### #.#
#.# #.## #.# #.<#
#.## ##+#* #@.# , , *
*##Y# , ...# + *....#
, , * #....# ,, , ,
#....# , , , **
+....# *,, *#....# ,,
, , ,


You could see a catoblepas.

Vanquished Creatures
  2 hydras (Lair:3)
  A catoblepas (Lair:4)
  A two-headed ogre (D:11)
  5 death yaks (Lair:4)
  Sonja (Lair:3)
  Pikel (D:5)
  2 cyclopes (D:11)
  A manticore (D:11)
  3 black mambas
  An unseen horror (D:11)
  5 cane toads
  A rime drake (Lair:4)
  2 komodo dragons
  3 trolls
  2 polar bears (Lair:2)
  13 blink frogs
  2 shadows (D:10)
  32 yaks
  A wyvern (D:6)
  A basilisk (D:12)
  6 vampire mosquitoes
  3 nagas (Lair:2)
  A warg (D:10)
  2 acid dragons
  Duvessa (D:7)
  9 water moccasins
  An ice beast (D:7)
  2 sky beasts
  3 orc warriors
  A black bear (D:4)
  4 ogres
  9 wolves
  4 centaurs
  A phantom (D:5)
  3 lemures (D:5)
  4 kobold brigands
  5 bullfrogs
  3 scorpions
  A troll zombie (D:10)
  Dowan (D:7)
  4 killer bees (D:10)
  A crimson imp (D:3)
  6 orc priests
  4 hounds (D:5)
  5 jellies
  3 iguanas
  A sleepcap (D:5)
  6 orc wizards
  7 ogre zombies (D:10)
  6 adders
  A shadow imp (D:6)
  2 white imps
  An ufetubus (D:4)
  3 worms
  3 dart slugs
  32 orcs
  3 bats (D:3)
  8 endoplasms
  4 giant cockroaches
  6 goblins
  7 hobgoblins
  4 jackals (D:3)
  22 kobolds
  5 quokkas
  3 ball pythons
  5 frilled lizards
  4 goblin skeletons
  5 goblin zombies
  2 hobgoblin skeletons (D:10)
  8 hobgoblin zombies
  A kobold skeleton (D:3)
  3 orc skeletons
  12 orc zombies
  3 rats
334 creatures vanquished.

Vanquished Creatures (others)
  A human (D:3)
1 creature vanquished.

Grand Total: 335 creatures vanquished

Notes
Turn   | Place    | Note
-------+----------+-------------------------------------------
     0 | D:1      | tbole the Meteoran Fighter began the quest for the Orb.
     0 | D:1      | Reached XP level 1. HP: 19/19 MP: 2/2
   346 | D:1      | Reached XP level 2. HP: 26/26 MP: 3/3
   448 | D:1      | Reached skill level 3 in Maces & Flails
   462 | D:1      | Found a faded altar of an unknown god.
   473 | D:1      | Reached XP level 3. HP: 31/31 MP: 4/4
   487 | D:1      | Glimpsed the power of Zot.
   537 | D:1      | Glimpsed the power of Zot.
   968 | D:2      | Reached XP level 4. HP: 40/40 MP: 5/5
  1064 | D:3      | Reached skill level 4 in Maces & Flails
  1235 | D:3      | Reached XP level 5. HP: 42/46 MP: 6/6
  1316 | D:3      | Found a glowing golden altar of the Shining One.
  1337 | D:3      | Reached skill level 5 in Maces & Flails
  1384 | D:3      | Became a worshipper of the Shining One
  1481 | D:3      | Found an ancient bone altar of Kikubaaqudgha.
  1482 | D:3      | Noticed a human
  1486 | D:3      | Killed a human
  1616 | D:3      | Reached XP level 6. HP: 49/52 MP: 7/7
  1658 | D:3      | Glimpsed the power of Zot.
  1743 | D:4      | Found an opulent altar of Gozag.
  1805 | D:4      | Noticed an ogre
  1807 | D:4      | Gained mutation: Your mind is acute. (Int +4, Str/Dex -1)
                  | [potion of mutation]
  1807 | D:4      | Gained mutation: You are strong-willed. (Will+) [potion of
                  | mutation]
  1815 | D:4      | Killed an ogre
  1816 | D:4      | Reached skill level 6 in Maces & Flails
  2019 | D:4      | Reached skill level 1 in Dodging
  2019 | D:4      | Reached XP level 7. HP: 49/60 MP: 8/8
  2068 | D:4      | Reached skill level 7 in Maces & Flails
  2068 | D:4      | Lost mutation: You are strong-willed. (Will+) [potion of
                  | mutation]
  2068 | D:4      | Lost mutation: Your mind is acute. (Int +4, Str/Dex -1)
                  | [potion of mutation]
  2068 | D:4      | Gained mutation: You occasionally lose the ability to read
                  | scrolls when taking damage. [potion of mutation]
  2068 | D:4      | Gained mutation: You sometimes lose your temper in combat.
                  | [potion of mutation]
  2068 | D:4      | Gained mutation: You are partially covered in iridescent
                  | scales. (AC +2) [potion of mutation]
  2204 | D:4      | Found a faded altar of an unknown god.
  2204 | D:4      | Found a faded altar of an unknown god.
  2211 | D:4      | Found a hazy altar of Hepliaklqana.
  2246 | D:4      | Glimpsed the power of Zot.
  2278 | D:5      | Entered Level 5 of the Dungeon
  2336 | D:4      | Found a shimmering altar of Xom.
  2550 | D:5      | Reached skill level 5 in Fighting
  2550 | D:5      | Reached XP level 8. HP: 66/68 MP: 9/9
  2564 | D:5      | Noticed a yak
  2565 | D:5      | Noticed a yak
  2572 | D:5      | Noticed a yak
  2572 | D:5      | Reached * piety under the Shining One
  2572 | D:5      | Noticed a yak
  2618 | D:5      | Reached skill level 8 in Maces & Flails
  2620 | D:5      | Killed a yak
  2621 | D:5      | Reached skill level 5 in Armour
  2638 | D:5      | Killed a yak
  2639 | D:5      | Reached skill level 9 in Maces & Flails
  2639 | D:5      | Reached skill level 5 in Shields
  2645 | D:5      | Killed a yak
  2693 | D:5      | Noticed Pikel
  2706 | D:5      | Killed Pikel
  2707 | D:5      | Reached skill level 10 in Maces & Flails
  2707 | D:5      | Reached skill level 1 in Invocations
  2707 | D:5      | Gained mutation: You passively map the area around you.
                  | [Meteoran growth]
  2707 | D:5      | Reached XP level 9. HP: 71/75 MP: 10/10
  2792 | D:6      | Found a shadowy altar of Dithmenos.
  2904 | D:5      | Found a staircase to the Ecumenical Temple.
  3014 | D:5      | Reached skill level 11 in Maces & Flails
  3209 | Temple   | Entered the Ecumenical Temple
  3394 | D:5      | Found a white marble altar of Elyvilon.
  3403 | D:5      | Found a bloodstained altar of Trog.
  3453 | D:5      | Glimpsed the power of Zot.
  3503 | D:6      | Glimpsed the power of Zot.
  3528 | D:6      | Found a transporter.
  3543 | D:6      | Noticed Chodeload's ghost (novice DjWn)
  3567 | D:6      | Found a transporter.
  3697 | D:6      | Reached skill level 12 in Maces & Flails
  3697 | D:6      | Reached XP level 10. HP: 84/84 MP: 11/11
  4039 | D:6      | Glimpsed the power of Zot.
  4309 | D:6      | Found an ornate altar of the Wu Jian Council.
  4819 | D:7      | Noticed Dowan
  4820 | D:7      | Noticed Duvessa
  4829 | D:7      | Killed Duvessa
  4830 | D:7      | Reached skill level 13 in Maces & Flails
  4831 | D:7      | Killed Dowan
  5244 | D:8      | Glimpsed the power of Zot.
  5294 | D:8      | Glimpsed the power of Zot.
  5335 | D:9      | Glimpsed the power of Zot.
  5345 | D:9      | Touched by the power of Zot.
  5348 | D:9      | Found a radiant altar of Vehumet.
  5447 | D:9      | Glimpsed the power of Zot.
  5463 | D:10     | Entered Level 10 of the Dungeon
  5512 | D:10     | Found a glowing silver altar of Zin.
  5603 | D:10     | Reached ** piety under the Shining One
  5604 | D:10     | Found a staircase to the Orcish Mines.
  5623 | D:10     | Reached *** piety under the Shining One
  5635 | D:10     | Reached skill level 14 in Maces & Flails
  5678 | D:10     | Reached **** piety under the Shining One
  5703 | D:10     | Reached XP level 11. HP: 58/75 MP: 12/12
  5729 | Orc:1    | Entered Level 1 of the Orcish Mines
  5772 | Orc:1    | Noticed an orc high priest
  5854 | D:10     | Found a hide-covered altar of Uskayaw.
  6111 | D:10     | Glimpsed the power of Zot.
  6143 | D:10     | Found a broken altar of Ashenzari.
  6464 | D:9      | Found a staircase to the Lair.
  6482 | D:9      | Reached skill level 15 in Maces & Flails
  6549 | D:9      | Found a stormy altar of Qazlal.
  6693 | Lair:1   | Entered Level 1 of the Lair of Beasts
  6732 | Lair:1   | Reached skill level 16 in Maces & Flails
  6781 | Lair:1   | Identified the +0 flail of Hotamy {heavy, rC+}
  7161 | Lair:1   | Reached XP level 12. HP: 82/85 MP: 13/13
  7187 | Lair:1   | Glimpsed the power of Zot.
  7368 | Lair:2   | Found a sparkling altar of Nemelex Xobeh.
  7375 | Lair:2   | Found a large runed translucent door.
  7375 | Lair:2   | Found a large runed translucent door.
  7782 | Lair:2   | Glimpsed the power of Zot.
  7824 | Lair:2   | Glimpsed the power of Zot.
  7938 | Lair:2   | Found a staircase to the Snake Pit.
  8012 | Lair:2   | Found a staircase to the Swamp.
  8026 | Lair:2   | Noticed jasper's ghost (journeyman SpEE)
  8373 | Lair:2   | Glimpsed the power of Zot.
  8423 | Lair:2   | Glimpsed the power of Zot.
  8435 | Swamp:1  | Entered Level 1 of the Swamp
  8435 | Swamp:1  | Noticed a spriggan druid
  8435 | Swamp:1  | Noticed a goliath frog
  8435 | Swamp:1  | Noticed a spriggan rider
  8462 | Lair:3   | Glimpsed the power of Zot.
  8472 | Lair:3   | Touched by the power of Zot.
  8552 | Lair:3   | Reached skill level 10 in Armour
  8569 | Lair:3   | Noticed Sonja
  8569 | Lair:3   | Reached ***** piety under the Shining One
  8571 | Lair:3   | Noticed a seven-headed hydra
  8604 | Lair:3   | Killed a seven-headed hydra
  8610 | Lair:3   | Killed Sonja
  8613 | Lair:3   | Noticed a five-headed hydra
  8623 | Lair:3   | Killed a five-headed hydra
  8624 | Lair:3   | Reached skill level 10 in Fighting
  9168 | Lair:3   | Glimpsed the power of Zot.
  9194 | Lair:5   | Entered Level 5 of the Lair of Beasts
  9206 | Lair:4   | Noticed a death yak
  9213 | Lair:4   | Noticed a death yak
  9216 | Lair:4   | Noticed a death yak
  9218 | Lair:4   | Noticed a death yak
  9221 | Lair:4   | Killed a death yak
  9222 | Lair:4   | Reached skill level 17 in Maces & Flails
  9222 | Lair:4   | Reached skill level 10 in Shields
  9225 | Lair:4   | Killed a death yak
  9226 | Lair:4   | Reached XP level 13. HP: 59/77 MP: 14/14
  9237 | Lair:4   | Killed a death yak
  9239 | Lair:4   | The Shining One protects you from harm!
  9263 | Lair:4   | Killed a death yak
  9613 | Lair:4   | Noticed a catoblepas
  9613 | Lair:4   | Noticed a death yak
  9637 | Lair:4   | Killed a catoblepas
  9650 | Lair:4   | Killed a death yak
  9762 | Lair:4   | Glimpsed the power of Zot.
  9814 | Lair:5   | Glimpsed the power of Zot.
  9855 | Lair:5   | Glimpsed the power of Zot.
  9867 | Lair:5   | Touched by the power of Zot.
  9952 | Lair:5   | Glimpsed the power of Zot.
  9995 | Lair:5   | Glimpsed the power of Zot.
 10032 | Lair:5   | Glimpsed the power of Zot.
 10042 | Lair:5   | Touched by the power of Zot.
 10142 | Lair:3   | Glimpsed the power of Zot.
 10204 | D:9      | Glimpsed the power of Zot.
 10714 | D:11     | Noticed a two-headed ogre
 10721 | D:11     | Killed a two-headed ogre
 10811 | D:11     | Glimpsed the power of Zot.
 10861 | D:12     | Glimpsed the power of Zot.
 10902 | D:12     | Glimpsed the power of Zot.
 10912 | D:12     | Touched by the power of Zot.
 11193 | D:13     | Noticed a catoblepas
 11202 | D:13     | Slain by a catoblepas

Illustrated notes

Levels and vault maps discovered:
D:1:      dpeg_arrival_castle, layout_loops_ring, ebering_ecumenical_altar_box,
          minmay_tree_intersection, hex_tiny, minmay_cupped
D:2:      layout_basic
D:3:      cheibrodos_helix_gallery, layout_loops_ring,
          nicolae_tso_besieged_by_evil, tgw_kikubaaqudgha
D:4:      layout_rooms, nicolae_hepliaklqana_ecumenical_no_more,
          lemuel_coloured_pillars_altar, lemuel_tele_altar
D:5:      nicolae_cairo_tiling_very_big, layout_gridville,
          mainiacjoe_overflow_big_doors, minmay_temple_entry_fiery,
          nicolae_fountain_basement, uniq_pikel
D:6:      layout_loops_ring, lemuel_crystal_altar, nzn_wu_jian_council_hall,
          gammafunk_ghost_stat_death
D:7:      layout_cave_pods, uniq_duvessa
D:8:      layout_basic, serial_shops, shop, nicolae_ossuary_entry_monument
D:9:      layout_basic, mainiacjoe_overflow_large_starburst,
          mainiacjoe_overflow_paths, lair_entry_dummy
D:10:     layout_basic, kennysheep_mini, nicolae_uskayaw_dance_hall,
          nicolae_overflow_crystal_walls, zombieorc2_lemuel,
          minmay_misc_feat_chi
D:11:     layout_gridville, nicolae_trove_entry_crystal
D:12:     layout_loops_ring
D:13:     layout_roguey, ximxim_vaults_locker_room, kennysheep_flooded_box
Temple:   nicolae_temple_little_seven
Lair:1:   layout_hall_layers, gammafunk_ghost_berserking_beasts
Lair:2:   layout_cave_pods, minmay_swamp_entry_worms,
          nicolae_snake_entry_squirm, basic_altar, ebering_ghost_disaster_area,
          infiniplex_staircase_pool_2
Lair:3:   layout_regular_city, serial_forest, infiniplex_forest_split,
          infiniplex_forest_clump_small, infiniplex_forest_lined_3,
          infiniplex_forest_clump_double, infiniplex_forest_lined_corner,
          infiniplex_forest_lined_corner, infiniplex_forest_straight_3,
          uniq_sonja
Lair:4:   layout_layer_cave, nicolae_lair_yak_garden
Lair:5:   hangedman_lair_in_review, layout_cellular_growth,
          dpeg_slime_entry_corner, lemuel_fruit_tree
Swamp:1:  layout_falls_marsh, evilmike_swamp_ruin_house_1,
          nicolae_swamp_baby_hydras, uniq_donald
Orc:1:    layout_diamond_mine

Skill      XL: |  1  2  3  4  5  6  7  8  9 10 11 12 13 |
---------------+----------------------------------------+-----
Maces & Flails | 3 4 5 6 7 10 12 14 16 17 | 17.8
Shields        | 4 5 6 7 10 12 | 12.1
Armour         | 4 6 7 9 11 12 | 12.2
Fighting       | 4 5 6 8 9 10 11 | 11.5
Dodging        | 1 2 |  2.3
Invocations    | 1 2 |  2.3

Action                     |  1- 3 |  4- 6 |  7- 9 | 10-12 | 13-15 || total
---------------------------+-------+-------+-------+-------+-------++-------
  Melee: Flail             |    61 |    74 |       |       |       ||   135
         Morningstar       |       |    55 |   157 |   544 |   227 ||   983
 Invoke: Divine Shield     |       |       |     1 |     1 |     8 ||    10
    Use: Scroll            |       |     8 |     1 |    10 |     4 ||    23
         Potion            |       |     6 |     1 |     4 |     9 ||    20
 Armour: Scale mail        |    29 |    32 |       |       |       ||    61
         Plate armour      |       |    20 |   109 |   197 |   107 ||   433
  Dodge: Dodged            |    21 |    31 |    40 |    89 |    40 ||   221
  Block: Buckler           |     7 |    28 |    40 |    52 |       ||   127
         Tower shield      |       |       |       |   231 |   273 ||   504
